 Seeded DCSS version 0.29.1-12-g30fa7ad0bf (webtiles) character file.

Game seed: 16245865983455551772 (custom seed)

19704 hikkokomori the Thaumaturge (level 12, -5/84 HPs)
             Began as an Octopode Conjurer on Jan 18, 2023.
             Was an Initiate of Gozag.
             Killed from afar by an ironbound frostheart (26 damage)
             ... by creeping frost
             ... in an ice cave.
             The game lasted 00:40:04 (15382 turns).

hikkokomori the Thaumaturge (Octopode Conjurer)    Turns: 15382, Time: 00:40:04

Health: -5/84      AC:  3    Str: 13    XL:     12   Next: 71%
Magic:  13/25      EV: 13    Int: 43    God:    Gozag
Gold:   956        SH:  8    Dex: 14    Spells: 14/30 levels left

rFire   x . .      SeeInvis .   k - staff of conjuration
rCold   + + .      Faith    .   b - +3 warlock's mirror {reflect}
rNeg    . . .      Spirit   .   F - +2 hat
rPois   .          Reflect  +   r - amulet of regeneration
rElec   +          Harm     .   f - +6 ring of intelligence
rCorr   .          Rampage  .   g - +6 ring of intelligence
Will    +....                   E - ring "Vokug" {rElec rF+ Will+ Str+6 Dex+4}
Stlth   +++++.....              I - +6 ring of intelligence
HPRegen 1.04/turn               M - ring of ice
MPRegen 0.19/turn               j - ring of ice
                                (no ring)
                                (no ring)

@: brilliant, gold aura
A: almost no armour, amphibious, 8 rings, camouflage 1, gelatinous body 1,
(nimble swimmer 1), tentacles
a: Renounce Religion, Potion Petition, Call Merchant, Bribe Branch


You were in an ice cave.
You worshipped Gozag.
Gozag was pleased with you.
You visited 3 branches of the dungeon, and saw 13 of its levels.
You also visited: Ice Cave.

You collected 3523 gold pieces.
You spent 1084 gold pieces at shops.
You paid 1483 gold pieces to Gozag.

Inventory:

Hand Weapons
 i - a +0 dagger of draining
 w - a +0 demon whip of venom
 H - a +2 vampiric short sword
Armour
 b - the +3 warlock's mirror (worn) {reflect}
   (You acquired it on level 2 of the Dungeon)

   It can block and reflect piercing ranged attacks and magical attacks against
   the wielder's willpower.
 F - a +2 hat (worn)
Magical Staves
 k - a staff of conjuration (weapon)
Jewellery
 f - a +6 ring of intelligence (left tentacle)
 g - a +6 ring of intelligence (right tentacle)
 j - a ring of ice (on tentacle)
 r - an amulet of regeneration (around mantle)
 E - the ring "Vokug" (on tentacle) {rElec rF+ Will+ Str+6 Dex+4}
   (You bought it in a shop on level 7 of the Dungeon)

   [ring of strength]

   Str:       It affects your strength (+6).
   Dex:       It affects your dexterity (+4).
   rF:        It protects you from fire.
   rElec:     It insulates you from electricity.
   Will:      It increases your willpower.
 I - a +6 ring of intelligence (on tentacle)
 M - a ring of ice (on tentacle)
Wands
 l - a wand of flame (74)
 o - a wand of roots (26)
 D - a wand of charming (17)
Scrolls
 e - 8 scrolls of teleportation
 m - a scroll of enchant weapon {unknown}
 n - 2 scrolls of summoning
 p - a scroll of noise {unknown}
 q - 2 scrolls of immolation
 v - a scroll of silence {unknown}
 x - a scroll of butterflies
 y - 6 scrolls of amnesia
 A - a scroll of magic mapping
 C - a scroll of poison {unknown}
 G - a scroll of enchant armour {unknown}
 J - 3 scrolls of identify
Potions
 c - 2 potions of flight
 d - a potion of might
 h - 2 potions of degeneration {unknown}
 s - 3 potions of brilliance
 t - 3 potions of berserk rage
 u - 2 potions of heal wounds
 z - 4 potions of curing
 B - 2 potions of attraction
 K - a potion of cancellation {unknown}
 L - 2 potions of lignification
Miscellaneous
 a - a piece from Xom's chessboard (15/15)


   Skills:
 + Level 8.9 Fighting
 - Level 3.5 Short Blades
 - Level 2.7 Dodging
 - Level 7.4 Stealth
 - Level 5.8 Shields
 - Level 0.1 Unarmed Combat
 + Level 9.6 Spellcasting
 + Level 9.6 Conjurations
 + Level 5.9 Translocations
 + Level 2.9 Transmutations
 - Level 6.8 Poison Magic
 - Level 4.8 Evocations


You had 14 spell levels left.
You knew the following spells:

 Your Spells              Type           Power      Damage    Failure   Level
a - Magic Dart            Conj           100%       1d8       1%          1
b - Searing Ray           Conj           100%       2d8       1%          2
c - Olgreb's Toxic Radia  Pois           87%        N/A       1%          4
d - Iskenderun's Mystic   Conj/Tloc      100%       2d19      1%          4
e - Yara's Violent Unrav  Hex/Tmut       25%        3d11      28%         5

Your spell library contained the following spells:

 Spells                   Type           Power      Damage    Failure   Level
 Sting                    Tmut/Pois      100%       1d8       1%          1
 Blink                    Tloc           100%       N/A       1%          2
 Poisonous Vapours        Pois/Air       100%       N/A       1%          2
 Dazzling Flash           Conj/Hex       100%       N/A       1%          3
 Lesser Beckoning         Tloc           82%        N/A       1%          3
 Spider Form              Tmut/Pois      76%        N/A       1%          3
 Fulminant Prism          Conj/Hex       48%        3d21      2%          4
 Ensorcelled Hibernation  Hex/Ice        100%       N/A       3%          2
 Manifold Assault         Tloc           82%        N/A       4%          5
 Confusing Touch          Hex            31%        N/A       6%          3
 Anguish                  Hex/Necr       15%        N/A       19%         4
 Enfeeble                 Hex            15%        N/A       100%        7
 Chain Lightning          Conj/Air       48%        3d64      100%        9
 Fire Storm               Conj/Fire      48%        8d12      100%        9
 Shatter                  Erth           15%        3d15*     100%        9


Dungeon Overview and Level Annotations

Branches:
Dungeon (11/15)            Temple (1/1) D:5            Lair (1/5) D:8
  IceCv (1/1)
    Orc: D:9-12

Altars:
Ashenzari
Cheibriados
Dithmenos
Elyvilon
Fedhas
Gozag
Hepliaklqana
Makhleb
Okawaru
Ru
Sif Muna
Uskayaw
Vehumet
Xom
Yredelemnul
Zin

Shops:
D:3 [   D:4 *:[   D:6 ?   D:7 =   D:10 :


Innate Abilities, Weirdness & Mutations

You cannot wear most types of armour.
You are amphibious.
You can wear up to eight rings at the same time.
Your skin changes colour to match your surroundings (Stealth+).
Your rubbery body absorbs attacks. (AC +1, EV +1)
((You are camouflaged when in or above water. (Stealth+)))
You have tentacles for arms and can constrict up to eight enemies at once.


Message History

The mystic blast hits the ironbound frostheart!!
You kill the ironbound frostheart!
You kill the polar bear!
The ironbound frostheart looks even sicker.
Your toxic aura wanes.
The polar bear goes berserk!
Unknown command.
Unknown command.
Okay, then.
Casting: Iskenderun's Mystic Blast (mildly dangerous; 1% risk of failure)
Confirm with . or Enter, or press ? or * to list all spells.
You feel a surge of power!
You begin to radiate toxic energy.
You kill the polar bear!
The ironbound frostheart looks even sicker.
You kill the polar bear!
The death yak looks as sick as possible!
The ironbound frostheart is distracted by your dazzling golden aura.
Unknown command.
Unknown command.
Casting: Olgreb's Toxic Radiance (mildly dangerous; 1% risk of failure)
Confirm with . or Enter, or press ? or * to list all spells.
You feel a strong surge of power!
You erupt in a blast of force!
The mystic blast hits the death yak!!
You kill the death yak!
The ironbound frostheart is no longer distracted by gold.
The ironbound frostheart looks as sick as possible!
The ice encasing you melts away.
The ironbound frostheart is distracted by your dazzling golden aura.
Aiming: Fastroot
Press: ? - help, Shift-Dir - straight line, f - ironbound frostheart
Aim: an ironbound frostheart, wearing a +0 ring mail (heavily wounded, unaware, extremely poisoned, hasn't noticed you)
The roots erupt in riotous growth!
The ironbound frostheart is no longer distracted by gold.
The ironbound frostheart shouts!
Roots grab the ironbound frostheart.
Your toxic aura wanes.
The grasping roots constrict the ironbound frostheart.
The ironbound frostheart calls freezing cold from the walls.
The frost grips you!! You partially resist.
You die...
Your body crumbles into a pile of gold.

## # # ###§ :#.
####.☼☼ $.# #.#..§§
###.. #####..##○§
##p.$##
###....###### #...$.
##...#....###
#.$.###..####.....##
#$@$##..#####.....#
###..##...######...
#..###.....# ##..
###.#.#..[## ###
##.###### #######
### ###....##
###...#....
###....######
##...####


You could see an ironbound frostheart (extremely poisoned, rooted).

Vanquished Creatures
  Fannar (D:10)
  An ironbound frostheart (IceCv)
  A two-headed ogre (D:9)
  2 death yaks (IceCv)
  Amaemon (D:8)
  An ugly thing (IceCv)
  Maurice (D:8)
  Joseph (D:8)
  An ice statue (IceCv)
  A komodo dragon (D:11)
  An unseen horror (D:11)
  2 rime drakes (IceCv)
  2 ice devils (Lair:1)
  A troll (D:10)
  A hornet (D:8)
  11 polar bears (IceCv)
  Sigmund (D:5)
  A shadow (D:10)
  4 wyverns
  29 yaks
  A steam dragon (D:7)
  A water moccasin (D:6)
  2 ice beasts
  3 orc warriors
  3 black bears
  An ogre (D:4)
  16 wolves (IceCv)
  A phantom (D:6)
  4 centaurs
  4 kobold brigands
  4 bullfrogs
  2 necrophages
  6 scorpions
  11 wights
  4 killer bees (D:8)
  4 howler monkeys
  4 orc priests
  A gnoll bouda (D:7)
  4 hounds
  An iron imp (D:4)
  Jessica (D:2)
  3 iguanas
  9 orc wizards
  Natasha (twice) (D:3)
  A hound skeleton (D:4)
  8 gnolls
  5 adders
  A white imp (D:5)
  A dart slug (D:5)
  29 orcs
  6 ball pythons
  3 bats
  8 endoplasms
  A giant cockroach (D:4)
  5 goblins
  8 hobgoblins
  25 kobolds
  4 quokkas
  3 frilled lizards
  7 rats
271 creatures vanquished.

Vanquished Creatures (others)
  23 fungi
  25 plants
48 creatures vanquished.

Grand Total: 319 creatures vanquished

Notes
Turn   | Place    | Note
-------+----------+-------------------------------------------
     0 | D:1      | hikkokomori the Octopode Conjurer began the quest for the
                  | Orb.
     0 | D:1      | Reached XP level 1. HP: 11/11 MP: 3/3
   533 | D:1      | Found a faded altar of an unknown god.
   556 | D:1      | Reached XP level 2. HP: 17/17 MP: 0/5
  1452 | D:1      | Reached XP level 3. HP: 21/21 MP: 2/6
  1905 | D:2      | Noticed Jessica
  1910 | D:2      | Killed Jessica
  1911 | D:2      | Reached XP level 4. HP: 16/27 MP: 1/7
  2027 | D:2      | Identified 3 scrolls of acquirement
  2027 | D:2      | Acquired a +2 buckler of protection
  2062 | D:2      | Acquired a staff of conjuration
  2064 | D:2      | Acquired the +3 warlock's mirror {reflect}
  2064 | D:2      | Found the +3 warlock's mirror {reflect}
  2818 | D:3      | Found Ymmy Ciutu's Antique Armour Shoppe.
  2866 | D:3      | Learned a level 2 spell: Searing Ray
  2871 | D:3      | Learned a level 4 spell: Olgreb's Toxic Radiance
  3069 | D:3      | Reached skill level 1 in Shields
  3069 | D:3      | Reached XP level 5. HP: 17/31 MP: 0/9
  3384 | D:3      | Reached skill level 1 in Poison Magic
  3550 | D:3      | Noticed Natasha
  3556 | D:3      | Killed Natasha
  3713 | D:3      | Noticed Natasha
  3720 | D:3      | Killed Natasha
  3784 | D:3      | Reached XP level 6. HP: 24/36 MP: 10/10
  4126 | D:4      | Found Tuuwolaw's General Store.
  4163 | D:4      | Found a snail-covered altar of Cheibriados.
  4370 | D:4      | Found a shadowy altar of Dithmenos.
  4420 | D:4      | Found Gamycsypi's Antique Armour Boutique.
  4442 | D:4      | Reached skill level 5 in Stealth
  4442 | D:4      | Reached skill level 5 in Conjurations
  5075 | D:4      | Found Koenoidu's Book Boutique.
  5199 | D:4      | Reached XP level 7. HP: 41/41 MP: 4/12
  5309 | D:4      | Found a burning altar of Makhleb.
  5505 | D:5      | Entered Level 5 of the Dungeon
  5507 | D:5      | Noticed Sigmund
  5515 | D:5      | Killed Sigmund
  5794 | D:5      | Reached XP level 8. HP: 46/46 MP: 11/14
  6033 | D:5      | Found a glowing silver altar of Zin.
  6576 | D:5      | Found a staircase to the Ecumenical Temple.
  6894 | Temple   | Entered the Ecumenical Temple
  6907 | Temple   | Became a worshipper of Gozag Ym Sagoz the Greedy
  7818 | D:6      | Reached skill level 5 in Poison Magic
  8008 | D:6      | Acquired 1086 gold pieces
  8011 | D:6      | Bought a scroll of amnesia for 56 gold pieces
  8011 | D:6      | Bought a scroll of magic mapping for 105 gold pieces
  8042 | D:6      | Reached skill level 1 in Fighting
  8042 | D:6      | Reached skill level 5 in Spellcasting
  8939 | D:7      | Found Dackej's Jewellery Shoppe.
  8955 | D:7      | Reached XP level 9. HP: 54/54 MP: 5/16
  8988 | D:7      | Reached skill level 5 in Shields
  9145 | D:7      | Found a hazy altar of Hepliaklqana.
  9823 | D:7      | Learned a level 4 spell: Iskenderun's Mystic Blast
 10161 | D:7      | Bought the ring "Vokug" {rElec rF+ Will+ Str+6 Dex+4} for
                  | 923 gold pieces
 10475 | D:8      | Noticed Maurice
 10492 | D:8      | Killed Maurice
 10557 | D:8      | Reached skill level 1 in Evocations
 10558 | D:8      | Reached XP level 10. HP: 65/65 MP: 0/19
 10621 | D:8      | Reached skill level 5 in Fighting
 10637 | D:8      | Paralysed by a hornet for 2 turns
 10792 | D:8      | Noticed Joseph
 10971 | D:9      | Reached skill level 1 in Short Blades
 11141 | D:8      | Killed Joseph
 11325 | D:8      | Found a staircase to the Lair.
 11338 | D:8      | Noticed Amaemon
 11352 | D:8      | Killed Amaemon
 11549 | D:9      | Found a sacrificial altar of Ru.
 11772 | D:9      | Found an iron altar of Okawaru.
 11772 | D:9      | Found a shimmering altar of Xom.
 11772 | D:9      | Found a broken altar of Ashenzari.
 12090 | D:9      | Noticed a two-headed ogre
 12098 | D:9      | Killed a two-headed ogre
 12099 | D:9      | Reached XP level 11. HP: 68/74 MP: 3/22
 12405 | D:10     | Entered Level 10 of the Dungeon
 12690 | D:10     | Reached skill level 1 in Translocations
 13002 | D:10     | Noticed Fannar
 13010 | D:10     | Killed Fannar
 13839 | Lair:1   | Entered Level 1 of the Lair of Beasts
 13868 | Lair:1   | Found a frozen archway.
 13947 | IceCv    | Entered an ice cave
 14205 | IceCv    | Reached XP level 12. HP: 82/82 MP: 3/24
 14828 | IceCv    | Learned a level 5 spell: Yara's Violent Unravelling
 14840 | IceCv    | Reached skill level 5 in Translocations
 14928 | IceCv    | Reached skill level 1 in Transmutations
 15365 | IceCv    | Noticed a death yak
 15365 | IceCv    | Noticed an ironbound frostheart
 15365 | IceCv    | Noticed an ironbound frostheart
 15365 | IceCv    | Noticed a death yak
 15376 | IceCv    | Killed a death yak
 15379 | IceCv    | Killed an ironbound frostheart
 15381 | IceCv    | Killed a death yak
 15382 | IceCv    | Killed from afar by an ironbound frostheart

Illustrated notes

Levels and vault maps discovered:
D:1:      minmay_arrival_hallway, layout_loops_corners, basic_ecumenical_altar,
          minmay_unequal
D:2:      layout_loops_ring, uniq_jessica
D:3:      layout_basic, serial_shops, nicolae_shop_advertising_works
          [nicolae_subvault_shop_adworks], minmay_shallow_snake_nest,
          uniq_natasha
D:4:      layout_rooms, grunt_dithmenos_smoke_and_mirrors,
          makhleb_blood_cavern_becter, slow_altar_1, serial_shops,
          nicolae_square_shop, nicolae_shop_temple_entry_statues_fountains,
          kennysheep_mini_moat, chequers_serial_rivers_large_a,
          minmay_fractal_squares_gapless_5
D:5:      layout_layer_cave, mainiacjoe_overflow_cross_hatched,
          lemuel_temple_firewalk_b, uniq_sigmund
D:6:      layout_basic
D:7:      layout_basic, nicolae_hepliaklqana_hazy_memory, serial_shops,
          nicolae_stop_n_shop_2
D:8:      layout_basic, nicolae_qazlal_style_of_elements,
          grunt_lair_entry_orc_guard_hut, uniq_amaemon, uniq_psyche,
          uniq_joseph, uniq_maurice
D:9:      layout_roguey, nicolae_overflow_crystal_walls,
          gammafunk_temple_overflow_claw
D:10:     layout_loops_ring, uniq_fannar
D:11:     layout_long_grid, grunt_livestock, kennysheep_island_fort
Temple:   nicolae_temple_bog_church
Lair:1:   layout_loops_ring, portal_ice_cave_demonic_guard, grunt_megastairs_2
IceCv:    ice_cave_caverns_01

Skill      XL: |  1  2  3  4  5  6  7  8  9 10 11 12 |
---------------+-------------------------------------+-----
Stealth        | 3 4 5 6 7 |  7.4
Shields        | 1 2 3 4 5 |  5.8
Poison Magic   | 1 2 3 5 6 |  6.8
Spellcasting   | 3 4 5 6 7 8 9 |  9.6
Conjurations   | 5 7 8 9 |  9.6
Fighting       | 2 4 6 7 8 |  8.9
Evocations     | 1 4 |  4.8
Short Blades   | 3 |  3.5
Translocations | 4 5 |  5.9
Transmutations | 2 |  2.9
Dodging        | |  2.7
Unarmed Combat | |  0.1

Action                   |  1- 3 |  4- 6 |  7- 9 | 10-12 || total
-------------------------+-------+-------+-------+-------++-------
Melee: Unarmed           |    18 |    41 |       |       ||    59
       Tentacles         |     6 |    20 |     7 |    20 ||    53
       Constrict         |     3 |    18 |     7 |     3 ||    31
       Staff             |       |    22 |    25 |    78 ||   125
       Short sword       |       |       |       |    13 ||    13
       Punch             |       |       |       |     2 ||     2
 Cast: Magic Dart        |    46 |    54 |    90 |    30 ||   220
       Searing Ray       |       |    10 |    25 |    13 ||    48
       Olgreb's Toxic Ra |       |       |    21 |    45 ||    66
       Iskenderun's Myst |       |       |       |    64 ||    64
Invok: Call Merchant     |       |       |     1 |     1 ||     2
Evoke: Wand              |       |     1 |     2 |     6 ||     9
  Use: Scroll            |       |     4 |    10 |     1 ||    15
       Potion            |       |       |       |     5 ||     5
 Stab: Sleeping          |       |     3 |     1 |       ||     4
       Distracted        |       |     1 |       |     2 ||     3
Armor: Skin              |     1 |     8 |     7 |    42 ||    58
Dodge: Dodged            |    12 |    39 |    33 |    73 ||   157
Block: Buckler           |       |    15 |    18 |    67 ||   100
       Reflection        |       |     1 |     4 |     6 ||    11
